 Dungeon Crawl Stone Soup version 0.19-a0-659-g8260ecf (webtiles) character file.

68 Skanax the Grave Robber (level 4, -7/36 HPs)
             Began as a Deep Dwarf Necromancer on June 15, 2016.
             Killed by divine providence
             ... invoked by an orc priest
              (9 damage)
             ... on level 2 of the Dungeon.
             The game lasted 00:13:17 (2170 turns).

Skanax the Grave Robber (Deep Dwarf Necromancer)    Turns: 2170, Time: 00:13:18

Health: -7/36      AC:  6    Str: 12      XL:     4   Next: 1%
Magic:  1/8        EV: 12    Int: 18 (20) God:
Gold:   60         SH:  0    Dex: 10 (13) Spells: 3 memorised, 3 levels left

rFire  . . .     SeeInvis .     (no weapon)
rCold  . . .     Gourm    .     a - +0 robe
rNeg   . . .     Faith    .     (no shield)
rPois  .         Spirit   .     g - +1 helmet
rElec  .         Dismiss  .     (no cloak)
rCorr  .         Reflect  .     (no gloves)
SustAt .         Harm     .     i - +1 pair of boots
MR     .....                    (no amulet)
Stlth  +.........               d - ring of loudness (curse)
                                l - +4 ring of intelligence

@: non-regenerating, not resistant to hostile enchantments, very unstealthy
A: damage resistance, recharge devices, sense surroundings 1, slow regeneration
3
a: Device Recharging


You were on level 2 of the Dungeon.
You were full.

You visited 1 branch of the dungeon, and saw 3 of its levels.

You collected 60 gold pieces.

Inventory:

Armour
 a - a +0 robe (worn)
 g - a +1 helmet (worn)
 i - a +1 pair of boots (worn)
Jewellery
 d - a cursed ring of loudness (right hand)
 e - an uncursed ring of protection from magic
 l - a +4 ring of intelligence (left hand)
Wands
 c - a wand of heal wounds (3/9)
Potions
 h - 3 potions of lignification
Books
 b - a book of Necromancy

   Spells                             Type                      Level
   a - Pain                           Necromancy                   1
   b - Animate Skeleton               Necromancy                   1
   c - Vampiric Draining              Necromancy                   3
   d - Regeneration                   Charms/Necromancy            3
   e - Animate Dead                   Necromancy                   4
   f - Control Undead                 Necromancy                   4
 k - a book of Power

   Spells                             Type                      Level
   a - Fulminant Prism                Conjuration/Hexes            4
   b - Iskenderun's Mystic Blast      Conjuration                  4
   c - Venom Bolt                     Conjuration/Poison           5
   d - Bolt of Magma                  Conjuration/Fire/Earth       5
   e - Iron Shot                      Conjuration/Earth            6
   f - Orb of Destruction             Conjuration                  7
   g - Spellforged Servitor           Conjuration/Summoning        7
Comestibles
 f - a meat ration


   Skills:
 + Level 0.1 Fighting
 + Level 2.5 Dodging
 + Level 2.8 Stealth
 + Level 2.6 Spellcasting
 + Level 5.1 Necromancy


You had 3 spell levels left.
You knew the following spells:

 Your Spells              Type           Power        Failure   Level  Hunger
a - Pain                  Necr           ###.         1%          1    #......
b - Animate Skeleton      Necr           N/A          1%          1    #......
c - Vampiric Draining     Necr           ###.......   10%         3    ###....


Dungeon Overview and Level Annotations

Branches:
Dungeon (3/15)

Altars:
Cheibriados
Gozag
Nemelex Xobeh
Ru


Innate Abilities, Weirdness & Mutations

You are resistant to damage.
You can recharge devices by infusing magical energy.
You passively map a small area around you.
You do not regenerate naturally.


Message History

The orc priest is almost dead.
The orc priest completely misses you.
Casting: Pain
Confirm with . or Enter, or press ? or * to list all spells.
Aiming: Pain
Press: ? - help, Shift-Dir - straight line, f/p - orc priest
Aim: an orc priest, wielding a flail and wearing a chain mail (almost dead, chance to defeat MR: 80%)
The orc priest barely resists.
You can't go down here!
The orc priest hits you with a flail!
* * * LOW HITPOINT WARNING * * *
You climb upwards.
There is a stone staircase leading down here.
The orc priest mumbles some strange prayers to Beogh against you.
You struggle to resist.
The orc priest calls down the wrath of Beogh upon you.
You struggle to resist.
The orc priest invokes the aid of Beogh against you.
Beogh smites you!
You die...

#.# #.# #.# #.# #.# #.#
#.# #.# #.# #.# #.#
#.#### ##### #.# #....#
....###.##############.#
....+...........@..o..>#
.(..###........#######.#
...............# #.#
...............#######.#
.......⌠.⌠.............#
........_.((...#########
.......⌠.⌠.....#
####...........#
####.###....#


You could see an orc priest.

Vanquished Creatures
  2 adders
  A worm (D:1)
  2 orcs (D:3)
  A ball python (D:2)
  4 giant cockroaches (D:2)
  7 goblins
  2 hobgoblins (D:1)
  4 kobolds
  A quokka (D:2)
  9 bats
  2 giant newts
  2 rats (D:1)
37 creatures vanquished.

Vanquished Creatures (collateral kills)
  A dart slug (D:2)
  A hobgoblin (D:2)
  3 rats (D:1)
5 creatures vanquished.

Grand Total: 42 creatures vanquished

Notes
Turn   | Place    | Note
--------------------------------------------------------------
     0 | D:1      | Skanax the Deep Dwarf Necromancer began the quest for the Orb.
     0 | D:1      | Reached XP level 1. HP: 15/15 MP: 3/3
     2 | D:1      | Learned a level 1 spell: Animate Skeleton
   288 | D:1      | Reached XP level 2. HP: 8/22 MP: 2/4
   789 | D:2      | Found an opulent altar of Gozag.
   874 | D:2      | Found a sparkling altar of Nemelex Xobeh.
   994 | D:2      | HP: 1/22 [worm (5)]
  1084 | D:1      | Reached XP level 3. HP: 17/28 MP: 0/6
  1096 | D:1      | Learned a level 3 spell: Vampiric Draining
  1459 | D:2      | Reached skill level 5 in Necromancy
  1530 | D:2      | Found a snail-covered altar of Cheibriados.
  1655 | D:2      | Found a sacrificial altar of Ru.
  2155 | D:3      | Reached XP level 4. HP: 16/36 MP: 3/8
  2170 | D:2      | Killed from afar by an orc priest

Vault maps used:
D:1:      saegor_arrival_simple_b
D:2:      nicolae_ru_great_annihilating_truth,
          nemelex_xobeh_ov_fountains_minmay, nicolae_overflow_crystal_walls,
          nicolae_gozag_cash_rules_everything_around_me
D:3:      grunt_temple_overflow_magic_moments, first_bread,
          minmay_misc_feat_alley, minivault_23

Skill      XL: |  1  2  3 |
---------------+----------+-----
Spellcasting   | 2 |  2.6
Necromancy     | 5 |  5.1
Fighting       | |  0.1
Dodging        | |  2.5
Stealth        | |  2.8

Action                   |  1- 3 |  4- 6 || total
-------------------------+-------+-------++-------
Melee: Unarmed           |    27 |     3 ||    30
       Dagger            |    32 |       ||    32
 Cast: Pain              |    70 |     5 ||    75
       Animate Skeleton  |    12 |       ||    12
       Vampiric Draining |     8 |       ||     8
Evoke: Wand              |     2 |       ||     2
  Use: Scroll            |     8 |       ||     8
       Potion            |     3 |       ||     3
  Eat: Chunk             |     1 |       ||     1
       Meat ration       |     1 |       ||     1
       Bread ration      |     1 |       ||     1
Armor: Robe              |    23 |       ||    23
Dodge: Dodged            |    64 |     2 ||    66
